Map: [ESL] Cosmic Sapphire

Players

Creature

  • Race: Protoss Protoss
  • Spawn Location: 5:00

Ukko - Winner!

  • Race: Zerg Zerg
  • Spawn Location: 11:00

Event: DreamHack SC2 Masters 2022 Atlanta (Online)

VOD

Have the link to the VOD?

Description

Time

  • Played on: Oct. 4, 2022, 4:06 p.m.
  • Length: 13:44

All games in this series

Show
View Real Time Build Order
Export as new Build Order

Creature Protoss 

Build Orders: 1 Gate Expand, Oracle Opening, Carriers, Carrier Rush 

Get SALT Encoding   

  12  0:00  Probe  
  13  0:13  Pylon  
  13  0:17  Probe (Chrono Boost)  
  14  0:27  Probe (Chrono Boost)  
  15  0:32  Probe (Chrono Boost)  
  16  0:40  Gateway  
  16  0:43  Probe  
  16  0:48  Assimilator  
  17  0:56  Probe  
  18  1:08  Probe  
  19  1:20  Probe  
  20  1:28  Nexus  
  20  1:39  Cybernetics Core  
  20  1:41  Probe  
  20  1:46  Assimilator  
  21  1:53  Probe  
  22  1:56  Pylon  
  22  2:05  Probe  
  23  2:12  Adept (Chrono Boost)  
  25  2:17  Probe (Chrono Boost)  
  26  2:23  Stargate  
  26  2:27  Probe (Chrono Boost)  
  26  2:29  Warp Gate  
  27  2:35  Adept, Probe (Chrono Boost)  
  30  2:41  Probe (Chrono Boost)  
  31  2:50  Probe x2 (Chrono Boost)  
  33  2:56  Probe  
  33  2:57  Probe  
  35  3:08  Probe  
  35  3:09  Oracle (Chrono Boost)  
  35  3:10  Probe  
  40  3:17  Assimilator  
  40  3:20  Probe, Assimilator, Pylon  
  40  3:22  Probe  
  40  3:25  Stalker  
  44  3:30  Pylon  
  44  3:32  Probe  
  45  3:34  Probe  
  46  3:44  Probe  
  46  3:47  Probe  
  48  3:56  Probe  
  48  3:59  Probe  
  48  4:02  Fleet Beacon  
  50  4:03  Stargate  
  50  4:08  Probe  
  51  4:11  Probe  
  52  4:18  Zealot  
  52  4:21  Probe  
  52  4:23  Probe  
  56  4:33  Nexus, Probe  
  56  4:34  Pylon  
  57  4:39  Probe  
  57  4:42  Protoss Air Weapons Level 1  
  64  4:53  Carrier (Chrono Boost), Pylon  
  64  5:02  Carrier (Chrono Boost)  
  70  5:09  Pylon  
  70  5:11  Probe x2  
  72  5:18  Shield Battery  
  72  5:20  Pylon  
  72  5:23  Probe x2  
  74  5:32  Pylon  
  74  5:35  Probe x2  
  76  5:38  Gateway  
  76  5:40  Twilight Council  
  76  5:45  Carrier (Chrono Boost)  
  76  5:47  Probe  
  83  5:54  Probe  
  84  5:57  Carrier (Chrono Boost)  
  84  6:03  Probe x2  
  92  6:06  Probe  
  93  6:15  Probe  
  93  6:16  Charge  
  94  6:18  Forge  
  94  6:21  Probe  
  94  6:22  Gateway  
  94  6:23  Probe  
  94  6:24  Gateway  
  96  6:31  Probe  
  97  6:33  Assimilator x2  
  97  6:35  Probe  
  97  6:36  Pylon  
  97  6:38  Probe  
  99  6:43  Probe  
  99  6:45  Gateway  
  100  6:47  Gateway  
  100  6:50  Probe  
  101  7:04  Protoss Ground Weapons Level 1 (Chrono Boost)  
  101  7:05  Probe  
  101  7:08  Zealot x2  
  106  7:10  Probe  
  106  7:12  Probe  
  106  7:14  Templar Archives  
  108  7:17  Gateway  
  108  7:18  Gateway  
  108  7:26  Gateway  
  108  7:27  Probe  
  108  7:28  Probe  
  108  7:29  Gateway  
  110  7:32  Gateway  
  110  7:35  Pylon  
  110  7:41  Pylon  
  110  7:42  Pylon  
  110  7:47  Zealot x6  
  122  7:54  Pylon  
  122  7:56  Nexus  
  122  8:02  Robotics Facility  
  122  8:06  Probe  
  122  8:09  High Templar x6  
  122  8:11  Probe  
  136  8:15  Archon x2, Pylon  
  136  8:16  Archon  
  136  8:27  High Templar  
  136  8:28  Zealot x3, High Templar  
  136  8:33  Archon, Pylon  
  146  8:35  Pylon  
  146  8:38  Probe  
  147  8:45  Zealot x6  
  159  8:50  Zealot x3  
  149  9:08  Zealot  
  149  9:09  Zealot x3  
  132  9:18  Zealot x7  
  132  9:19  Probe  
  132  9:20  Probe  
  132  9:22  Probe  
  145  9:25  Shield Battery, Probe  
  133  9:31  Probe  
  133  9:33  Probe  
  130  9:39  High Templar x8  
  130  9:43  Archon x2  
  130  9:44  Archon x2  
  140  9:48  Zealot x3  
  133  10:06  Probe x2  
  135  10:12  Carrier (Chrono Boost)  
  135  10:13  Shield Battery  
  135  10:15  Photon Cannon  
  135  10:20  Probe  
  142  10:25  Zealot x6  
  155  10:28  Probe, Protoss Ground Weapons Level 2 (Chrono Boost)  
  155  10:29  Probe  
  155  10:31  Assimilator  
  155  10:34  Observer (Chrono Boost)  
  157  10:36  Zealot  
  157  10:39  Probe  
  157  10:40  Probe  
  157  10:41  Probe  
  162  10:48  High Templar x2  
  163  10:54  Zealot x3, Sentry  
  171  10:59  Archon, Assimilator  
  171  11:03  Zealot x4  
  165  11:28  Zealot  
  165  11:29  Carrier (Chrono Boost), Zealot x3  
  165  11:30  Zealot x7  
  165  11:31  Probe  
  170  11:36  Probe  
  150  11:46  Probe  
  147  11:56  High Templar x2  
  147  11:57  Nexus, High Templar x2  
  155  12:01  Archon  
  155  12:02  Archon  
  155  12:04  Pylon  
  155  12:12  Zealot x7  
  123  12:30  High Templar x2  
  123  12:34  Archon  
  113  12:38  Zealot x3  
  113  12:39  Zealot x6  
  113  12:40  Probe  
  80  13:00  High Templar x6  
  80  13:01  Zealot x3  
  80  13:02  Probe  
  80  13:05  Archon x3  
  78  13:06  Zealot x2  
  79  13:23  Zealot x3  
  81  13:29  Zealot  
Show
View Real Time Build Order
Export as new Build Order

Ukko Zerg - Winner!

Build Orders: Hatch First 

Get SALT Encoding   

  12  0:00  Drone  
  13  0:12  Overlord  
  13  0:16  Drone  
  14  0:30  Drone x2  
  16  0:45  Drone  
  17  0:52  Hatchery  
  17  0:54  Drone  
  17  0:58  Drone  
  18  1:08  Extractor  
  17  1:14  Spawning Pool  
  17  1:16  Drone  
  17  1:20  Drone  
  18  1:27  Drone  
  19  1:38  Drone  
  20  1:52  Drone  
  21  2:03  Zergling x2, Queen  
  21  2:04  Queen  
  21  2:05  Zergling x2  
  27  2:12  Metabolic Boost  
  27  2:14  Drone  
  28  2:16  Overlord  
  28  2:32  Hatchery  
  28  2:34  Drone  
  28  2:36  Drone  
  29  2:43  Drone x2  
  31  2:49  Queen  
  33  2:54  Overlord  
  33  3:03  Drone x3  
  36  3:12  Queen, Overlord  
  38  3:16  Drone  
  38  3:18  Drone x2  
  41  3:23  Drone x2  
  43  3:27  Drone  
  44  3:35  Drone x5  
  49  3:43  Queen  
  49  3:48  Queen  
  53  3:50  Roach Warren  
  53  3:54  Drone x2  
  54  3:56  Zergling x2  
  54  4:00  Spore Crawler  
  54  4:01  Spore Crawler  
  54  4:02  Drone  
  54  4:08  Drone x3  
  58  4:12  Spore Crawler  
  58  4:16  Drone  
  58  4:17  Overlord x3  
  58  4:24  Lair  
  58  4:32  Drone, Roach Warren  
  58  4:37  Drone x7  
  58  4:38  Drone  
  66  4:42  Overlord  
  66  4:53  Zergling x12  
  66  4:59  Drone  
  74  5:00  Drone x3, Extractor x2  
  74  5:07  Drone x2  
  74  5:09  Drone x2  
  74  5:10  Drone  
  79  5:15  Extractor  
  79  5:16  Drone x2  
  79  5:17  Drone x2, Evolution Chamber  
  79  5:20  Drone  
  79  5:21  Overlord  
  81  5:31  Queen, Drone x5, Spire  
  81  5:32  Queen  
  90  5:37  Extractor  
  90  5:38  Queen  
  90  5:39  Drone x5, Extractor  
  95  5:44  Drone x3  
  95  5:48  Evolution Chamber  
  97  5:52  Hatchery  
  96  6:04  Overlord  
  96  6:05  Overlord  
  96  6:07  Glial Reconstitution  
  96  6:15  Spore Crawler  
  96  6:16  Spore Crawler  
  94  6:20  Zerg Ground Armor Level 1  
  94  6:21  Spore Crawler  
  94  6:22  Queen x2  
  94  6:23  Queen  
  99  6:26  Drone x7  
  99  6:28  Overlord x2  
  105  6:39  Overlord x3  
  105  6:40  Spore Crawler  
  105  6:44  Zerg Flyer Armor Level 1  
  104  6:47  Corruptor x2  
  104  6:49  Corruptor  
  109  6:55  Drone x4  
  109  7:07  Drone x9  
  118  7:12  Spore Crawler  
  118  7:13  Drone x5  
  122  7:21  Drone x4  
  126  7:23  Spore Crawler  
  125  7:30  Corruptor x4  
  125  7:32  Roach  
  135  7:37  Roach x4  
  135  7:39  Overlord  
  143  7:45  Extractor  
  143  7:46  Roach x5, Extractor  
  151  7:53  Overlord x3  
  150  8:01  Roach x4  
  150  8:02  Overlord x3  
  158  8:10  Overlord  
  158  8:11  Overlord  
  158  8:13  Roach x5  
  158  8:15  Zerg Ground Armor Level 2  
  158  8:19  Roach, Evolution Chamber  
  169  8:22  Infestation Pit  
  169  8:24  Baneling Nest, Roach x2  
  169  8:26  Roach  
  173  8:31  Roach x2  
  173  8:32  Roach x3  
  183  8:41  Roach x6  
  183  8:45  Zerg Melee Weapons Level 1  
  183  8:46  Zerg Flyer Armor Level 2  
  195  8:49  Corruptor  
  195  8:51  Corruptor  
  187  9:10  Roach x13  
  187  9:16  Corruptor x2  
  180  9:24  Drone x7  
  181  9:38  Drone x10  
  186  9:40  Drone x2  
  185  9:46  Corruptor  
  187  9:58  Hive  
  173  10:02  Hatchery  
  173  10:05  Roach x6  
  180  10:15  Drone  
  180  10:16  Drone  
  180  10:17  Drone x3  
  180  10:18  Drone  
  180  10:21  Zergling x20  
  196  10:26  Ravager  
  196  10:27  Ravager x2  
  196  10:28  Centrifugal Hooks  
  199  10:50  Zerg Melee Weapons Level 2  
  199  10:54  Baneling x3  
  199  10:55  Baneling x16  
  197  10:58  Baneling  
  197  11:09  Corruptor x3  
  197  11:21  Zergling x8  
  198  11:26  Ultralisk Cavern  
  198  11:28  Zergling x4  
  193  11:37  Corruptor  
  183  11:42  Zergling x32  
  199  11:47  Zergling x6  
  199  11:50  Zergling x4  
  199  11:54  Baneling x6  
  199  11:55  Baneling x6  
  199  11:56  Adrenal Glands  
  199  12:22  Zergling x34  
  200  12:26  Ultralisk  
  188  12:48  Ultralisk x2  
  178  13:01  Ultralisk  
  178  13:03  Zergling x10, Ultralisk  
  184  13:25  Zergling x16  
Tags
 
Add a new tag
Caveats
  • Supply blocks, unpowered buildings, or Contaminate may cause inaccurate times.
  • Supply counts are checked every 10 seconds.